 Dungeon Crawl Stone Soup version 0.30.1-3-gfc49f6343a (webtiles) character file.

Game seed: 12349961467936096671

72 NelofarNekjeu the Charlatan (level 4, 0/32 HPs)
             Began as a Human Artificer on Aug 8, 2023.
             Was an Initiate of Cheibriados.
             Slain by Crazy Yiuf
             ... wielding a +2 quarterstaff of chaos
              (7 damage)
             ... on level 3 of the Dungeon.
             The game lasted 00:04:49 (1368 turns).

NelofarNekjeu the Charlatan (Human Artificer)       Turns: 1368, Time: 00:04:49

Health: 0/32       AC:  3    Str: 14    XL:     4   Next: 50%
Magic:  4/4        EV: 11    Int: 14    God:    Cheibriados [......]
Gold:   63         SH:  0    Dex: 14    Spells: 3/3 levels left

rFire   . . .        i - +0 short sword
rCold   . . .        (no shield)
rNeg    . . .        b - +0 leather armour
rPois   .            (no helmet)
rElec   .            (no cloak)
rCorr   .            (no gloves)
SInv    .            (no boots)
Will    .....        (no amulet)
Stlth   ++           (no ring)
HPRegen 0.25/turn    (no ring)
MPRegen 0.09/turn

%: no passive effects
@: very slow
A: no striking features
a: Renounce Religion


You were on level 3 of the Dungeon.
You worshipped Cheibriados.
Cheibriados was noncommittal.
You visited 1 branch of the dungeon, and saw 3 of its levels.

You collected 63 gold pieces.

Inventory:

Hand Weapons
 a - a +0 club
 i - a +0 short sword (weapon)
Armour
 b - a +0 leather armour (worn)
Jewellery
 h - an amulet of the acrobat
Wands
 c - a wand of digging (5) (quivered)
 d - a wand of charming (15)
 e - a wand of iceblast (4)
Scrolls
 m - a scroll of immolation {unknown}
Potions
 g - 2 potions of curing
 l - a potion of mutation {unknown}


   Skills:
 * Level 1.3 Fighting
 * Level 1.0 Short Blades
 * Level 0.5 Maces & Flails
 * Level 2.5 Armour
 * Level 1.4 Dodging
 * Level 1.4 Stealth
 * Level 0.7 Unarmed Combat
 * Level 0.4 Spellcasting
 * Level 3.5 Evocations


You had 3 spell levels left.
You didn't know any spells.
Your spell library contained the following spells:

 Spells                   Type           Power      Damage    Failure   Level
 Cigotuvi's Dreadful Rot  Necr/Pois/Air  0%         N/A       45%         2
 Dispel Undead            Necr           0%         3d6       98%         4
 Death Channel            Necr           0%         N/A       100%        6


Dungeon Overview and Level Annotations

Branches:
Dungeon (3/15)

Altars:
Cheibriados

Annotations:
D:3 3 runed translucent doors, Crazy Yiuf; boopmooplesden's ghost, amateur FoFi


Message History

You see here a +0 short sword.
You see here a +0 short sword.
A rat comes into view.
The helpless rat fails to defend itself.
You puncture the rat!
You kill the rat!
Cheibriados thoroughly appreciates the change of pace.
You see here a rat corpse.
Boopmooplesden's ghost makes a sound of rattling chains.
You now have 63 gold pieces (gained 11).
Found a hammer.
Found a runed translucent door.
Crazy Yiuf shouts!
Crazy Yiuf grits, "Line wrapper sow!"
As you read the scroll of butterflies, it crumbles to dust.
You hear the flapping of tiny wings.
You open the door.
You swap places.
Crazy Yiuf hits your butterfly with a +2 quarterstaff of chaos!
Your butterfly dies!
Your butterfly disappears in a burst of colours!
You swap places.
Crazy Yiuf hits your butterfly with a +2 quarterstaff of chaos.
Crazy Yiuf freezes your butterfly.
Your butterfly dies!
Your butterfly disappears in a burst of colours!
You swap places.
Aiming: Iceblast
Press: ? - help, Shift-Dir - straight line, f - Crazy Yiuf
Aim: Crazy Yiuf, wielding a +2 quarterstaff of chaos and wearing a +0 cloak The mass of ice explodes!
The iceblast engulfs Crazy Yiuf!
Crazy Yiuf is almost dead.
You hit Crazy Yiuf but do no damage.
Crazy Yiuf is almost dead.
Crazy Yiuf hits you with a +2 quarterstaff of chaos!
You hit Crazy Yiuf.
Crazy Yiuf is almost dead.
Crazy Yiuf hits you with a +2 quarterstaff of chaos!
* * * LOW HITPOINT WARNING * * *
Crazy Yiuf freezes you!
You die...

#'# ##... ##g#
######.... #.##
...##...# ##.#
#.##...# #.##
#....... ##.##
#....... #...##
#....... #.g..#
#.##...# #.@..#
####.##...#
#..b.####....##....
##...#....######.##
##....#### #.##
###### #.#. #.#.
#... ###. #.


You could see Crazy Yiuf.

Vanquished Creatures
  Ijyb (D:3)
  An adder (D:2)
  8 bats
  2 endoplasms (D:2)
  2 giant cockroaches (D:2)
  4 goblins
  4 hobgoblins
  4 kobolds
  A quokka (D:3)
  4 ball pythons
  A frilled lizard (D:1)
  2 rats
34 creatures vanquished.

Notes
Turn   | Place    | Note
-------+----------+-------------------------------------------
     0 | D:1      | NelofarNekjeu the Human Artificer began the quest for the
                  | Orb.
     0 | D:1      | Reached XP level 1. HP: 15/15 MP: 1/1
   156 | D:1      | Reached XP level 2. HP: 21/21 MP: 2/2
   430 | D:2      | Reached XP level 3. HP: 23/26 MP: 3/3
   742 | D:3      | Noticed boopmooplesden's ghost (amateur FoFi)
   787 | D:3      | Found a snail-covered altar of Cheibriados.
   795 | D:3      | Became a worshipper of Cheibriados the Contemplative
   847 | D:3      | Found a runed translucent gate.
   847 | D:3      | Found a runed translucent gate.
   847 | D:3      | Found a runed translucent gate.
  1023 | D:3      | Noticed Ijyb
  1058 | D:3      | Killed Ijyb
  1059 | D:3      | Reached skill level 1 in Short Blades
  1059 | D:3      | Reached XP level 4. HP: 26/32 MP: 4/4
  1353 | D:3      | Found a runed translucent door.
  1354 | D:3      | Noticed Crazy Yiuf
  1368 | D:3      | Slain by Crazy Yiuf

Illustrated notes

Levels and vault maps discovered:
D:1:      saegor_arrival_fortress, layout_loops_ring
D:2:      layout_loops_ring, uniq_terence
D:3:      layout_loops_ring, mainiacjoe_overflow_alcove_1, gammafunk_ghost_icy,
          uniq_crazy_yiuf_cottage, uniq_ijyb

Skill      XL: |  1  2  3 |
---------------+----------+-----
Short Blades   | 1 |  1.0
Fighting       | |  1.3
Maces & Flails | |  0.5
Armour         | |  2.5
Dodging        | |  1.4
Stealth        | |  1.4
Unarmed Combat | |  0.7
Spellcasting   | |  0.4
Evocations     | |  3.5

Action                     |  1- 3 |  4- 6 || total
---------------------------+-------+-------++-------
  Melee: Club              |    27 |       ||    27
         Short sword       |   126 |    12 ||   138
  Evoke: Wand              |    15 |     1 ||    16
    Use: Scroll            |     2 |     1 ||     3
         Potion            |     2 |       ||     2
   Stab: Sleeping          |     2 |     1 ||     3
 Armour: Leather armour    |    78 |     1 ||    79
  Dodge: Dodged            |   144 |     6 ||   150
